 Dungeon Crawl Stone Soup version 0.18.1-6-gd335043 (webtiles) character file.

1105 Kenran the Cleaver (level 8, -1/70 HPs)
             Began as a Hill Orc Fighter on May 16, 2016.
             Was an Initiate of Gozag.
             Slain by jehirs's ghost (2 damage)
             ... on level 5 of the Dungeon.
             The game lasted 00:11:49 (4830 turns).

Kenran the Cleaver (Hill Orc Fighter)               Turns: 4830, Time: 00:11:49

Health: -1/70      AC: 11    Str: 19    XL:     8   Next: 32%
Magic:  8/8        EV:  7    Int:  8    God:    Gozag
Gold:   136        SH:  9    Dex: 12    Spells: 0 memorised, 7 levels left

rFire  . . .     SeeInvis .     a - +1 war axe
rCold  . . .     Gourm    .     b - +0 scale mail
rNeg   . . .     Faith    .     c - +0 shield
rPois  .         Spirit   .     (no helmet)
rElec  .         Dismiss  .     w - +0 cloak
rCorr  .         Reflect  .     y - +2 pair of gloves
SustAt .         Harm     .     (no boots)
MR     .....                    (no amulet)
Stlth  +.........               (no ring)
                                D - ring of stealth

@: not resistant to hostile enchantments, very unstealthy
A: no striking features
a: Potion Petition, Call Merchant, Bribe Branch, Renounce Religion


You were on level 5 of the Dungeon.
You worshipped Gozag.
Gozag was noncommittal.
You were hungry.

You visited 1 branch of the dungeon, and saw 5 of its levels.

You collected 174 gold pieces.
You paid 38 gold pieces to Gozag.

Inventory:

Hand Weapons
 a - a +1 war axe (weapon)
Armour
 b - a +0 scale mail (worn)
 c - a +0 shield (worn)
 w - a +0 cloak (worn)
 y - a +2 pair of gloves (worn)
Jewellery
 D - a ring of stealth (left hand)
Wands
 C - a wand of lightning (8/15)
 E - a wand of confusion (14/48)
Scrolls
 j - a scroll of teleportation
 k - a scroll of recharging
 p - a scroll of fog
 q - 5 scrolls of enchant weapon
 A - a scroll of amnesia {unknown}
 B - 2 scrolls of identify
Potions
 d - 2 potions of might
 e - a potion of invisibility
 g - 2 potions of cancellation {unknown}
 h - a potion of beneficial mutation {unknown}
 l - a potion of magic {unknown}
 m - 2 potions of brilliance
 n - a potion of ambrosia {unknown}
 r - a potion of resistance {unknown}
 s - a potion of degeneration {unknown}
 t - a potion of mutation {unknown}
 u - 3 potions of flight {unknown}
 v - a potion of curing {unknown}
 x - a potion of lignification
 z - a potion of agility {unknown}
Comestibles
 f - 3 bread rations
 i - 5 meat rations


   Skills:
 - Level 6.1 Fighting
 + Level 10.4 Axes
 - Level 5.1 Armour
 - Level 3.2 Shields


You had 7 spell levels left.
You didn't know any spells.

Dungeon Overview and Level Annotations

Branches:
Dungeon (5/15)
 Temple: D:4-7

Altars:
Ashenzari
Cheibriados
Gozag
Makhleb
Okawaru
Ru
Trog

Annotations:
D:5 jehirs's ghost, amateur DsGl


Message History

Jehirs's ghost is almost destroyed.
Jehirs's ghost hits you but does no damage.
Jehirs's ghost whispers, "You will understand me better in a moment."
Jehirs's ghost hits you!
* * * LOW HITPOINT WARNING * * *
You closely miss jehirs's ghost.
Jehirs's ghost is almost destroyed.
Jehirs's ghost hits you but does no damage.
You hit jehirs's ghost but do no damage.
Jehirs's ghost is almost destroyed.
Jehirs's ghost barely misses you.
You hit jehirs's ghost but do no damage.
Jehirs's ghost is almost destroyed.
Jehirs's ghost hits you!
* * * LOW HITPOINT WARNING * * *
You miss jehirs's ghost.
Jehirs's ghost is almost destroyed.
Jehirs's ghost hits you.
You die...
Your body crumbles into a pile of gold.

############...# ....
#..............#
.....#..............#
.)...#..............#
.....########'##....#
........#..##.##....#
........#...........#
.......W'...........#
.......@#...........#
........#.....##....#
##......#.....##....#
+......'...........#
#......#...........#
#(.....#...........#
#......#####'#######
###..... #.##....#
#..... #.......#


You could see jehirs's ghost.

Vanquished Creatures
  The ghost of Kenran the Slasher, an amateur DsGl (D:4)
  Purgy (D:3)
  A phantom (D:2)
  An ogre (D:4)
  The ghost of DrakieV the Slinger, an amateur HaHu (D:3)
  A howler monkey (D:4)
  4 wights (D:3)
  2 orc priests
  2 hounds (D:4)
  A giant frog skeleton (D:4)
  Jessica (D:3)
  An orc wizard (D:4)
  A worker ant (D:4)
  5 gnolls
  7 adders
  An adder skeleton (D:4)
  A worm (D:2)
  3 dart slugs (D:2)
  A giant gecko (D:3)
  9 orcs
  2 ball pythons
  2 giant cockroaches
  5 goblins
  6 hobgoblins
  2 jackals (D:1)
  12 kobolds
  2 quokkas
  4 bats
  2 giant newts
  A jackal skeleton (D:4)
  39 rats
122 creatures vanquished.

Notes
Turn   | Place    | Note
--------------------------------------------------------------
     0 | D:1      | Kenran the Hill Orc Fighter began the quest for the Orb.
     0 | D:1      | Reached XP level 1. HP: 19/19 MP: 1/1
    17 | D:1      | Reached skill level 3 in Axes
   127 | D:1      | Reached skill level 4 in Axes
   127 | D:1      | Reached XP level 2. HP: 23/26 MP: 2/2
   399 | D:1      | Reached XP level 3. HP: 31/31 MP: 3/3
   739 | D:2      | Reached skill level 5 in Axes
   817 | D:2      | Reached XP level 4. HP: 39/40 MP: 4/4
  1820 | D:3      | Noticed Purgy
  1837 | D:3      | Killed Purgy
  1837 | D:3      | Reached XP level 5. HP: 27/50 MP: 5/5
  2373 | D:3      | Found a faded altar to an unknown god.
  2416 | D:3      | Reached XP level 6. HP: 48/57 MP: 6/6
  2420 | D:3      | Reached skill level 6 in Axes
  2633 | D:3      | Noticed a phantom
  2662 | D:2      | Killed a phantom
  2662 | D:2      | Reached skill level 7 in Axes
  2827 | D:3      | Reached skill level 8 in Axes
  2827 | D:3      | Reached XP level 7. HP: 45/63 MP: 7/7
  3164 | D:3      | Found a burning altar of Makhleb.
  3168 | D:3      | Found a bloodstained altar of Trog.
  3257 | D:3      | Noticed DrakieV's ghost (amateur HaHu)
  3275 | D:3      | Killed DrakieV's ghost
  3275 | D:3      | Reached skill level 9 in Axes
  3376 | D:3      | Noticed Jessica
  3381 | D:3      | Killed Jessica
  3510 | D:4      | Found a sacrificial altar of Ru.
  3510 | D:4      | Found a snail-covered altar of Cheibriados.
  3614 | D:4      | Noticed Kenran's ghost (amateur DsGl)
  3633 | D:4      | Killed Kenran's ghost
  3803 | D:4      | Reached skill level 5 in Armour
  3976 | D:4      | Reached XP level 8. HP: 68/70 MP: 8/8
  3984 | D:4      | Reached skill level 10 in Axes
  4118 | D:4      | Found an opulent altar of Gozag.
  4118 | D:4      | Found an iron altar of Okawaru.
  4119 | D:4      | Found a shattered altar of Ashenzari.
  4133 | D:4      | Became a worshipper of Gozag Ym Sagoz the Greedy
  4717 | D:5      | Entered Level 5 of the Dungeon
  4783 | D:5      | Noticed jehirs's ghost (amateur DsGl)
  4829 | D:5      | HP: 1/70 [jehirs's ghost (10)]
  4830 | D:5      | Slain by jehirs's ghost

Skill      XL: |  1  2  3  4  5  6  7  8 |
---------------+-------------------------+-----
Axes           | 4 5 8 9 10 | 10.4
Fighting       | 4 6 |  6.1
Armour         | 5 |  5.1
Shields        | |  3.2

Action                   |  1- 3 |  4- 6 |  7- 9 || total
-------------------------+-------+-------+-------++-------
Melee: War axe           |   134 |   178 |   147 ||   459
  Use: Scroll            |       |       |     9 ||     9
  Eat: Chunk             |       |     7 |     4 ||    11
       Pizza             |       |       |     1 ||     1
Armor: Scale mail        |    51 |    76 |    47 ||   174
Dodge: Dodged            |    42 |    55 |    35 ||   132
Block: Shield            |    57 |    98 |    66 ||   221
